 Dungeon Crawl Stone Soup version 0.24.0-1-gfbc8707122 (webtiles) character file.

Game seed: 3377826367263536909, levelgen mode: deterministic

296 Froggeryz the Insei (level 6, -2/38 HPs)
             Began as an Octopode Transmuter on Oct 27, 2019.
             Slain by a hound (5 damage)
             ... on level 4 of the Dungeon.
             The game lasted 00:05:45 (3477 turns).

Froggeryz the Insei (Octopode Transmuter)           Turns: 3477, Time: 00:05:46

Health: -2/38      AC:  1    Str:  9    XL:     6   Next: 34%
Magic:  7/9        EV: 14    Int: 15    God:
Gold:   142        SH:  0    Dex: 15    Spells: 5/9 levels left

rFire    . . .     SeeInvis .     - Unarmed
rCold    . . .     Gourm    .   (no shield)
rNeg     . . .     Faith    .   (helmet restricted)
rPois    .         Spirit   .   k - amulet of rage
rElec    .         Reflect  .   (no ring)
rCorr    .         Harm     .   (no ring)
MR       .....                  (no ring)
Stlth    ++........             (no ring)
HPRegen  0.12/turn              (no ring)
MPRegen  0.11/turn              (no ring)
                                (no ring)
                                (no ring)

@: no status effects
A: almost no armour, stealthy swim, amphibious, 8 rings, constrict 8, camouflage
1, gelatinous body 1
a: Evoke Berserk Rage


You were on level 4 of the Dungeon.
You were not hungry.

You visited 1 branch of the dungeon, and saw 4 of its levels.

You collected 142 gold pieces.

Inventory:

Missiles
 a - 12 arrows
 f - 2 curare-tipped darts (quivered)
Armour
 r - a +0 buckler
Jewellery
 b - an uncursed ring of ice
 i - an uncursed amulet of magic regeneration
 k - an amulet of rage (around mantle)
Wands
 p - a wand of random effects (4)
Scrolls
 d - 4 scrolls of noise {unknown}
 e - 4 scrolls of identify
 h - 2 scrolls of teleportation
 j - a scroll of amnesia {unknown}
 l - a scroll of fear
 o - a scroll of remove curse {unknown}
 s - a scroll of fog {unknown}
 t - a scroll of immolation {unknown}
Potions
 g - 2 potions of curing
 m - a potion of mutation {unknown}
 n - a potion of lignification {unknown}
 q - a potion of brilliance {unknown}
 u - 2 potions of invisibility {unknown}
Comestibles
 c - 7 rations


   Skills:
 - Level 1.0 Fighting
 - Level 3.0 Dodging
 * Level 6.2 Unarmed Combat
 - Level 2.0 Spellcasting
 + Level 2.6 Transmutations


You had 5 spell levels left.
You knew the following spells:

 Your Spells              Type           Power        Failure   Level  Hunger
a - Beastly Appendage     Tmut           #.....       8%          1    #......
b - Spider Form           Tmut/Pois      #.........   36%         3    ###....

Your spell library contained the following spells:

 Spells                   Type           Power        Failure   Level  Hunger
 Sticks to Snakes         Tmut           #.......     11%         2    ###....
 Ice Form                 Ice/Tmut       #.......     77%         4    #####..
 Blade Hands              Tmut           #.........   90%         5    ######.


Dungeon Overview and Level Annotations

Branches:
Dungeon (4/15)
 Temple: D:4-7

Altars:
Dithmenos
Fedhas
Kikubaaqudgha
Nemelex Xobeh


Innate Abilities, Weirdness & Mutations

You cannot wear most types of armour.
You are very stealthy in the water. (Stealth+)
You are amphibious.
You can wear up to eight rings at the same time.
You can use your tentacles to constrict eight enemies at once.
Your skin changes colour to match your surroundings (Stealth+).
Your rubbery body absorbs attacks. (AC +1, EV +1)


Message History

The hound completely misses you. The hound bites you but does no damage.
You bite the hound!
The hound looks as sick as possible!
The hound is almost dead.
Your transformation has ended.
The hound bites you. The hound barely misses you.
You closely miss the hound. You grab the hound.
The hound is almost dead.
You constrict the hound, but do no damage.
The hound bites you.
* * * LOW HITPOINT WARNING * * *
The hound closely misses you.
You closely miss the hound. Your grab misses the hound.
The hound is almost dead.
You constrict the hound, but do no damage.
The hound bites you.
* * * LOW HITPOINT WARNING * * *
The hound misses you. The hound bites you.
* * * LOW HITPOINT WARNING * * *
The hound bites you.
You die...

.............
#####......#.# .#
...........#.. .#
##.......####.##
.# #.......# ..#
.#
####.########.##.#
#.........)..?#
###########h#(#
#.@.# ##.h# #..#
.... ..... .......
...>....
......=###


You could see 2 hounds.

Vanquished Creatures
  An orc priest (D:3)
  Jessica (D:3)
  2 worker ants (D:4)
  4 gnolls
  5 adders
  3 oozes
  2 worms (D:3)
  A dart slug (D:1)
  A leopard gecko (D:1)
  12 orcs
  2 ball pythons
  4 giant cockroaches
  5 hobgoblins
  2 jackals (D:3)
  11 bats
  5 frilled lizards
  6 goblins
  9 kobolds
  A quokka skeleton (D:4)
  8 rats
85 creatures vanquished.

Notes
Turn   | Place    | Note
-------+----------+-------------------------------------------
     0 | D:1      | Froggeryz the Octopode Transmuter began the quest for the
                  | Orb.
     0 | D:1      | Reached XP level 1. HP: 13/13 MP: 3/3
   189 | D:1      | Reached XP level 2. HP: 18/18 MP: 5/5
   457 | D:1      | Reached skill level 4 in Unarmed Combat
   734 | D:1      | Reached XP level 3. HP: 21/23 MP: 6/6
  1426 | D:2      | Reached XP level 4. HP: 25/28 MP: 7/7
  1562 | D:2      | Found a shadowy altar of Dithmenos.
  1570 | D:2      | Reached skill level 5 in Unarmed Combat
  2242 | D:3      | Reached XP level 5. HP: 24/33 MP: 8/8
  2972 | D:3      | Noticed Jessica
  2984 | D:3      | Killed Jessica
  2992 | D:3      | Found a sparkling altar of Nemelex Xobeh.
  2992 | D:3      | Found a blossoming altar of Fedhas.
  2993 | D:3      | Found an ancient bone altar of Kikubaaqudgha.
  3365 | D:4      | Reached skill level 6 in Unarmed Combat
  3365 | D:4      | Reached XP level 6. HP: 36/38 MP: 9/9
  3381 | D:4      | Learned a level 3 spell: Spider Form
  3477 | D:4      | Slain by a hound

Levels and vault maps discovered:
D:1:      wander_arrival_fairy_ring, layout_basic, minmay_heptomino_h4
D:2:      layout_loops_ring, nicolae_dithmenos_shadow_blocks, serial_glass,
          glass_columns_a, glass_columns_a
D:3:      layout_basic, gammafunk_temple_overflow_claw, uniq_jessica
D:4:      layout_basic, kennysheep_mini, first_ration, serial_bayou_lagoon_a

Skill      XL: |  1  2  3  4  5 |
---------------+----------------+-----
Unarmed Combat | 4 5 6 |  6.2
Dodging        | 3 |  3.0
Fighting       | |  1.0
Spellcasting   | |  2.0
Transmutations | |  2.6

Action                   |  1- 3 |  4- 6 || total
-------------------------+-------+-------++-------
Melee: Unarmed           |    77 |   136 ||   213
       Constrict         |    20 |    24 ||    44
       Punch             |     2 |     5 ||     7
       Tentacles         |     8 |    22 ||    30
 Cast: Beastly Appendage |     1 |       ||     1
       Spider Form       |       |     2 ||     2
  Use: Scroll            |     4 |     1 ||     5
       Potion            |     2 |     2 ||     4
 Stab: Sleeping          |     4 |     7 ||    11
  Eat: Chunk             |       |     8 ||     8
Armor: Skin              |     5 |     9 ||    14
Dodge: Dodged            |    42 |   102 ||   144
